 Dungeon Crawl Stone Soup version 0.23.1 (webtiles) character file.

Game seed: 12460953802972818358

394 DarkinPup the Ducker (level 6, -1/48 HPs)
             Began as a Demonspawn Gladiator on Mar 1, 2019.
             Killed by divine providence
             ... invoked by an orc priest
              (9 damage)
             ... on level 4 of the Dungeon.
             The game lasted 00:05:15 (3762 turns).

DarkinPup the Ducker (Demonspawn Gladiator)         Turns: 3762, Time: 00:05:15

Health: -1/48      AC:  6    Str: 15    XL:     6   Next: 51%
Magic:  6/6        EV: 13    Int: 10    God:
Gold:   139        SH:  0    Dex: 15    Spells: 5/5 levels left

rFire    . . .     SeeInvis .     - Unarmed
rCold    . . .     Gourm    .   (no shield)
rNeg     . . .     Faith    .   e - +0 ring mail
rPois    .         Spirit   .   c - +0 helmet
rElec    .         Reflect  .   (no cloak)
rCorr    .         Harm     .   (no gloves)
MR       .....                  (no boots)
Stlth    +.........             (no amulet)
HPRegen  0.16/turn              (no ring)
MPRegen  0.10/turn              (no ring)

@: no status effects
A: claws 2, hooves 1, rot immunity
a: no special abilities


You were on level 4 of the Dungeon.
You were hungry.

You visited 1 branch of the dungeon, and saw 4 of its levels.

You collected 139 gold pieces.

Inventory:

Hand Weapons
 a - a +0 long sword
Missiles
 d - 4 throwing nets (quivered)
Armour
 c - a +0 helmet (worn)
 e - a +0 ring mail (worn)
Scrolls
 b - 4 scrolls of identify {unknown}
 g - a scroll of amnesia {unknown}
 j - a scroll of immolation {unknown}
 l - a scroll of enchant weapon {unknown}
 m - a scroll of noise {unknown}
Potions
 h - 2 potions of curing {unknown}
 i - a potion of berserk rage {unknown}
 k - 2 potions of degeneration {unknown}
 n - 2 potions of heal wounds {unknown}
Comestibles
 f - 8 rations


   Skills:
 + Level 3.7 Fighting
 - Level 3.1 Long Blades
 - Level 1.7 Throwing
 + Level 2.1 Armour
 + Level 4.0 Dodging
 * Level 3.2 Unarmed Combat


You had 5 spell levels left.
You didn't know any spells.
Your spell library contained the following spells:

 Spells                   Type           Power        Failure   Level  Hunger
 Magic Dart               Conj           #...         58%         1    ##.....
 Blink                    Tloc           N/A          73%         2    ###....
 Call Imp                 Summ           #.......     73%         2    ###....
 Slow                     Hex            #.......     73%         2    ###....
 Conjure Flame            Conj/Fire      #.......     91%         3    ####...
 Mephitic Cloud           Conj/Pois/Air  #.......     91%         3    ####...


Dungeon Overview and Level Annotations

Branches:
Dungeon (4/15)
 Temple: D:4-7

Altars:
Makhleb
Qazlal
Ru
Sif Muna
Vehumet


Innate Abilities, Weirdness & Mutations

You have very sharp fingernails.
You have large cloven feet.
You are immune to rotting.


Message History

You kick the orc priest, but do no damage.
The orc priest hits you with a +0 hand axe.
* * * LOW HITPOINT WARNING * * *
You closely miss the orc priest.
You kick the orc priest, but do no damage.
The orc hits you but does no damage.
The orc priest begins to cast a cantrip, but forgets the words!
You scratch the orc priest but do no damage.
You kick the orc priest, but do no damage.
The orc barely misses you.
The orc priest hits you but does no damage.
You scratch the orc priest.
The orc priest is moderately wounded.
The orc priest misses you. The orc barely misses you.
You scratch the orc priest.
You kick the orc priest, but do no damage.
The orc priest is heavily wounded.
The orc priest invokes the aid of Beogh against you.
Beogh smites you!
You die...

#.............# #.....
#.............# #.....
#.............# #.....
#.............##+### #.....
#..................######....
#.......................#....
#.......................#....
#.......................#....
#..........o@...........#....
#.......###o#######.....'....
#.......+..o.# #.....#....
#.......#...o# #.....#....
#.......#....# #######....
#.......#....# #.....
.......#....# +..... #....#
#..... ###### #.....


You could see 2 orc priests and an orc.

Vanquished Creatures
  A phantom (D:4)
  A centaur skeleton (D:4)
  2 worker ants
  A hound skeleton (D:4)
  3 gnolls
  10 adders
  An ooze (D:1)
  2 dart slugs (D:3)
  2 leopard geckos (D:1)
  An orc (D:4)
  6 giant cockroaches
  8 goblins
  6 hobgoblins
  7 jackals (D:2)
  5 kobolds
  A quokka (D:2)
  A ball python (D:3)
  8 bats
  16 frilled lizards
  11 rats
93 creatures vanquished.

Notes
Turn   | Place    | Note
-------+----------+-------------------------------------------
     0 | D:1      | DarkinPup the Demonspawn Gladiator began the quest for the
                  | Orb.
     0 | D:1      | Reached XP level 1. HP: 16/16 MP: 1/1
    83 | D:1      | Gained mutation: You are immune to rotting. [demonic
                  | ancestry]
    83 | D:1      | Reached XP level 2. HP: 15/22 MP: 2/2
   411 | D:1      | Reached skill level 3 in Dodging
   671 | D:1      | Gained mutation: You have sharp fingernails. [demonic
                  | ancestry]
   671 | D:1      | Reached XP level 3. HP: 28/28 MP: 3/3
  1190 | D:2      | Reached skill level 1 in Unarmed Combat
  1414 | D:2      | Reached XP level 4. HP: 31/34 MP: 4/4
  1475 | D:2      | Found a sacrificial altar of Ru.
  1849 | D:2      | Reached skill level 1 in Armour
  2122 | D:3      | Found a radiant altar of Vehumet.
  2176 | D:3      | Gained mutation: You have very sharp fingernails. [demonic
                  | ancestry]
  2176 | D:3      | Reached XP level 5. HP: 37/41 MP: 5/5
  2451 | D:3      | Found a burning altar of Makhleb.
  2451 | D:3      | Found a deep blue altar of Sif Muna.
  2452 | D:3      | Found a stormy altar of Qazlal.
  2848 | D:4      | Noticed a phantom
  3240 | D:4      | Killed a phantom
  3240 | D:4      | Gained mutation: You have large cloven feet. [demonic
                  | ancestry]
  3240 | D:4      | Reached XP level 6. HP: 38/48 MP: 6/6
  3550 | D:4      | Reached skill level 4 in Dodging
  3762 | D:4      | Killed from afar by an orc priest

Skill      XL: |  1  2  3  4  5  6 |
---------------+-------------------+-----
Long Blades    | 3 |  3.1
Dodging        | 3 4 |  4.0
Unarmed Combat | 1 3 |  3.2
Fighting       | 3 |  3.7
Armour         | 1 2 |  2.1
Throwing       | |  1.7

Action                   |  1- 3 |  4- 6 || total
-------------------------+-------+-------++-------
Melee: Long sword        |   114 |    90 ||   204
       Punch             |       |     4 ||     4
       Unarmed           |       |   138 ||   138
       Kick              |       |    10 ||    10
  Eat: Chunk             |     2 |     7 ||     9
Armor: Ring mail         |    32 |    73 ||   105
       Leather armour    |     1 |       ||     1
Dodge: Dodged            |    88 |   177 ||   265
       Rpst.: Long sword |    27 |    21 ||    48
